 Dungeon Sprint DCSS version 0.17-a0-2074-gaf3f87d (webtiles) character file.

5614 Burgietje the Warrior (level 10, -14/116 HPs)
             Began as a Minotaur Berserker on Oct 15, 2015.
             Was the Champion of Trog.
             Demolished by a death yak (25 damage)
             ... in the Dungeon (Sprint IX: "|||||||||||||||||||||||||||||").
             The game lasted 00:02:56 (1422 turns).

Burgietje the Warrior (Minotaur Berserker)          Turns: 1422, Time: 00:02:56

Health: -14/116    AC:  7    Str: 23    XL:     10   Next: 45%
Magic:  9/9        EV: 12    Int:  4    God:    Trog [******]
Gold:   0          SH:  0    Dex: 15    Spells: 0 memorised, 9 levels left

rFire  . . .     SeeInvis .     n - +2 scimitar (flame)
rCold  . . .     Clarity  .     o - +2 ring mail
rNeg   . . .     SustAt   .     (no shield)
rPois  .         Gourm    .     (helmet restricted)
rElec  .         Spirit   .     (no cloak)
rCorr  .         Warding  .     (no gloves)
rMut   .         NoTele   +     (no boots)
MR     .....                    (no amulet)
Stlth  +.........               (no ring)
                                p - +3 ring of dexterity

@: exhausted, slowed, very slow, not resistant to hostile enchantments, very
unstealthy
A: retaliatory headbutt, horns 2
a: Burn Spellbooks, Berserk, Trog's Hand, Brothers in Arms, Renounce Religion


You were in the Dungeon.
You worshipped Trog.
Trog was exalted by your worship.
You were near starving.

You visited 1 branch

Inventory:

Hand Weapons
 a - a +0 falchion
 n - a +2 scimitar of flaming (weapon)
Armour
 b - a +0 animal skin
 o - a +2 ring mail (worn)
Jewellery
 p - a +3 ring of dexterity (left hand)
 q - a +3 ring of intelligence
Wands
 m - a wand of draining (7)
Scrolls
 i - 2 scrolls of blinking
 l - 4 scrolls of remove curse
 r - a scroll of recharging
 s - 4 scrolls of enchant armour
 t - 2 scrolls of enchant weapon
Potions
 d - 8 potions of curing
 e - 5 potions of heal wounds
 f - a potion of haste
 g - 4 potions of magic
 h - a potion of berserk rage
 j - 2 potions of might
 k - a potion of invisibility
Comestibles
 c - a bread ration


   Skills:
 + Level 19.6 Fighting
 + Level 19.6 Long Blades
 - Level 2.4 Armour
 - Level 2.1 Dodging


You had 9 spell levels left.
You didn't know any spells.

Dungeon Overview and Level Annotations

Branches:
Dungeon (1/1)

Altars:
Cheibriados
Dithmenos
Elyvilon
Fedhas
Gozag
Kikubaaqudgha
Makhleb
Nemelex Xobeh
Okawaru
Qazlal
Ru
Sif Muna
Trog
Vehumet
Xom
Yredelemnul
Zin
The Shining One
Beogh
Jiyva
Lugonu


Innate Abilities, Weirdness & Mutations

You reflexively headbutt those who attack you in melee.
You have a pair of horns on your head.


Message History

The catoblepas gores you!!
* * * LOW HITPOINT WARNING * * *
The catoblepas gores you!
* * * LOW HITPOINT WARNING * * *
You turn to flesh and can move again.
You slash the catoblepas! You burn the catoblepas.
The catoblepas is almost dead.
The catoblepas gores you.
* * * LOW HITPOINT WARNING * * *
Unknown command.
You slash the catoblepas! You burn the catoblepas.
You kill the catoblepas!
Trog accepts your kill.
The catoblepas rams the ground with its head heavily.
The death yak snorts and paws the ground.
The death yak barely misses you.
The death yak gores you but does no damage.
The death yak gores you but does no damage.
The death yak gores you!!
You die...

▓▓▓▓▓▓▓▓▓▓▓▓▓▓▓▓▓▓▓▓▓▓▓▓▓▓▓▓▓▓▓
...)'.........'.@YY.YY..†......
▓▓▓▓▓▓▓▓▓▓▓▓▓▓▓▓▓▓▓▓▓▓▓▓▓▓▓▓▓▓▓▓▓
.................................
▓▓▓▓▓▓▓▓▓▓▓▓▓▓▓▓▓▓▓▓▓▓▓▓▓▓▓▓▓▓▓▓▓
'_____________________'.?|)[[...'
▓▓▓▓▓▓▓▓▓▓▓▓▓▓▓▓▓▓▓▓▓▓▓▓▓▓▓▓▓▓▓▓▓


You could see 2 death yaks, a catoblepas and a yak.

Vanquished Creatures
  A catoblepas (D)
  A death yak (D)
  3 griffons (D)
  2 spiny frogs (D)
  A slime creature (D)
  A blink frog (D)
  A deep elf mage (D)
  A trapdoor spider (D)
  3 hippogriffs (D)
  2 yaks (D)
  4 water moccasins (D)
  An ice beast (D)
  2 porcupines (D)
  A phantom (D)
  An ogre (D)
  A centaur (D)
  A giant frog (D)
  A crimson imp (D)
  An iguana (D)
  A jelly (D)
  An orc wizard (D)
  A sheep (D)
  2 worker ants (D)
  A river rat (D)
  A shadow imp (D)
  An ooze (D)
  An adder zombie (D)
  A bat skeleton (D)
  A kobold (D)
  A quokka skeleton (D)
  3 rats (D)
44 creatures vanquished.

Notes
Turn   | Place    | Note
--------------------------------------------------------------
     0 | D        | Burgietje the Minotaur Berserker began the quest for the Orb.
     0 | D        | Reached XP level 1. HP: 19/19 MP: 0/0
    13 | D        | Reached skill level 4 in Fighting
    14 | D        | Reached ** piety under Trog
    18 | D        | Reached skill level 5 in Fighting
   198 | D        | Noticed a crimson imp
   198 | D        | Noticed a jelly
   198 | D        | Noticed an orc wizard
   200 | D        | Killed a crimson imp
   200 | D        | Reached *** piety under Trog
   200 | D        | Reached skill level 6 in Fighting
   200 | D        | Reached XP level 2. HP: 31/31 MP: 1/1
   200 | D        | Reached XP level 3. HP: 38/38 MP: 2/2
   201 | D        | Killed a jelly
   201 | D        | Reached skill level 7 in Fighting
   201 | D        | Reached XP level 4. HP: 48/48 MP: 3/3
   204 | D        | Killed an orc wizard
   204 | D        | Reached skill level 8 in Fighting
   215 | D        | Found a glowing silver altar of Zin.
   215 | D        | Found a glowing golden altar of the Shining One.
   215 | D        | Found an ancient bone altar of Kikubaaqudgha.
   215 | D        | Found a basalt altar of Yredelemnul.
   215 | D        | Found a shimmering altar of Xom.
   215 | D        | Found a radiant altar of Vehumet.
   216 | D        | Found an iron altar of Okawaru.
   217 | D        | Found a burning altar of Makhleb.
   218 | D        | Found a deep blue altar of Sif Muna.
   219 | D        | Found a bloodstained altar of Trog.
   220 | D        | Found a sparkling altar of Nemelex Xobeh.
   221 | D        | Found a white marble altar of Elyvilon.
   222 | D        | Found a roughly hewn altar of Beogh.
   223 | D        | Found a viscous altar of Jiyva.
   224 | D        | Found a corrupted altar of Lugonu.
   225 | D        | Found a blossoming altar of Fedhas.
   226 | D        | Found a snail-covered altar of Cheibriados.
   227 | D        | Found a shadowy altar of Dithmenos.
   228 | D        | Found a stormy altar of Qazlal.
   229 | D        | Found an opulent altar of Gozag.
   230 | D        | Found a sacrificial altar of Ru.
   272 | D        | Noticed a worker ant
   272 | D        | Noticed an ice beast
   272 | D        | Noticed a deep elf mage
   272 | D        | Noticed a worker ant
   272 | D        | Noticed an iguana
   273 | D        | Killed a worker ant
   273 | D        | Reached **** piety under Trog
   279 | D        | Killed an ice beast
   279 | D        | Reached skill level 10 in Fighting
   279 | D        | Reached skill level 10 in Long Blades
   279 | D        | Reached XP level 5. HP: 59/59 MP: 4/4
   282 | D        | Killed a deep elf mage
   282 | D        | Reached skill level 12 in Fighting
   282 | D        | Reached XP level 6. HP: 70/70 MP: 5/5
   286 | D        | Killed a worker ant
   286 | D        | Reached ***** piety under Trog
   287 | D        | Killed an iguana
   371 | D        | Noticed an ogre
   371 | D        | Noticed a phantom
   371 | D        | Noticed a centaur
   371 | D        | Noticed a slime creature
   374 | D        | Killed an ogre
   381 | D        | Killed a phantom
   381 | D        | Reached skill level 13 in Fighting
   381 | D        | Reached XP level 7. HP: 64/79 MP: 6/6
   390 | D        | Killed a slime creature
   390 | D        | Reached skill level 14 in Fighting
   395 | D        | Killed a centaur
   673 | D        | Noticed a trapdoor spider
   674 | D        | Killed a trapdoor spider
   674 | D        | Reached XP level 8. HP: 73/90 MP: 7/7
   782 | D        | Noticed a water moccasin
   782 | D        | Noticed a water moccasin
   782 | D        | Noticed a giant frog
   782 | D        | Noticed a porcupine
   782 | D        | Noticed a water moccasin
   784 | D        | Killed a water moccasin
   784 | D        | Received a gift from Trog
   788 | D        | Noticed a hippogriff
   789 | D        | Killed a water moccasin
   789 | D        | Reached skill level 15 in Fighting
   789 | D        | Reached skill level 15 in Long Blades
   790 | D        | Killed a giant frog
   792 | D        | Killed a porcupine
   794 | D        | Noticed a spiny frog
   800 | D        | Killed a water moccasin
   800 | D        | Received a gift from Trog
   806 | D        | Killed a hippogriff
   810 | D        | Killed a spiny frog
   810 | D        | Reached skill level 16 in Fighting
  1072 | D        | Noticed a griffon
  1072 | D        | Noticed a water moccasin
  1072 | D        | Noticed a blink frog
  1072 | D        | Noticed a spiny frog
  1072 | D        | Noticed a hippogriff
  1072 | D        | Noticed a hippogriff
  1077 | D        | Noticed a porcupine
  1078 | D        | Killed a griffon
  1078 | D        | Reached XP level 9. HP: 95/101 MP: 8/8
  1080 | D        | Killed a water moccasin
  1080 | D        | Reached ****** piety under Trog
  1080 | D        | Reached skill level 17 in Fighting
  1083 | D        | Noticed a griffon
  1083 | D        | Killed a blink frog
  1086 | D        | Noticed a griffon
  1086 | D        | Killed a spiny frog
  1089 | D        | Killed a hippogriff
  1091 | D        | Killed a hippogriff
  1096 | D        | Killed a griffon
  1096 | D        | Received a gift from Trog
  1096 | D        | Reached skill level 18 in Fighting
  1099 | D        | Killed a griffon
  1099 | D        | Reached XP level 10. HP: 64/114 MP: 9/9
  1101 | D        | Killed a porcupine
  1377 | D        | Noticed a yak
  1377 | D        | Noticed a death yak
  1377 | D        | Noticed a yak
  1377 | D        | Noticed a yak
  1377 | D        | Noticed a catoblepas
  1377 | D        | Noticed a death yak
  1379 | D        | Killed a yak
  1381 | D        | Noticed a death yak
  1387 | D        | Killed a death yak
  1387 | D        | Reached skill level 19 in Fighting
  1391 | D        | Killed a yak
  1397 | D        | Noticed a catoblepas
  1415 | D        | Killed a catoblepas
  1422 | D        | Demolished by a death yak

Vault maps used:
D:        linesprint

Action                   |  1- 3 |  4- 6 |  7- 9 | 10-12 || total
-------------------------+-------+-------+-------+-------++-------
Melee: Falchion          |    14 |     3 |       |       ||    17
       Scimitar          |       |    23 |    66 |    20 ||   109
Invok: Berserk           |     1 |     1 |     1 |     1 ||     4
 Stab: Petrified         |       |       |       |     1 ||     1
  Eat: Chunk             |       |       |     2 |     2 ||     4
